 Dungeon Crawl Stone Soup version 0.26-a0-613-g4f23886233 (webtiles) character file.

Game seed: 10229460502700312815

862 Drevant2 the Slicer (level 8, -18/51 HPs)
             Began as a Halfling Brigand on Sept 11, 2020.
             Demolished by Menkaure (21 damage)
             ... on level 5 of the Dungeon.
             The game lasted 00:15:18 (7087 turns).

Drevant2 the Slicer (Halfling Brigand)              Turns: 7087, Time: 00:15:22

Health: -18/51     AC:  4    Str: 11 (12) XL:     8   Next: 22%
Magic:  8/8        EV: 14    Int:  7 (9)  God:
Gold:   232        SH:  0    Dex: 20 (22) Spells: 7/7 levels left

rFire    . . .     SeeInvis .   w - +3 falchion of Yssext {freeze, Dex+4} (curse)
rCold    . . .     Faith    .   (shield restricted)
rNeg     . . .     Spirit   .   b - +0 robe
rPois    .         Reflect  .   (no helmet)
rElec    .         Harm     .   c - +0 cloak
rCorr    .                      u - +0 pair of gloves
MR       .....                  (no boots)
Stlth    +++++.....             (no amulet)
HPRegen  0.17/turn              g - ring of stealth
MPRegen  0.11/turn              (no ring)

@: brilliant
A: small, mutation resistance 1
a: no special abilities


You were on level 5 of the Dungeon.
You visited 1 branch of the dungeon, and saw 6 of its levels.
You also visited: Sewer.

You collected 232 gold pieces.

Inventory:

Hand Weapons
 a - a +2 dagger
 k - a +0 short sword of venom
 w - the cursed +3 falchion of Yssext (weapon) {freeze, Dex+4}
   (You found it on level 4 of the Dungeon)

   It has been specially enchanted to freeze those struck by it, causing extra
   injury to most foes and up to half again as much damage against particularly
   susceptible opponents.
   It can also slow down cold-blooded creatures.
   It affects your dexterity (+4).
   It has a curse placed upon it.
Missiles
 d - 23 poisoned darts (quivered)
 e - 2 curare-tipped darts
 i - 8 atropa-tipped darts
Armour
 b - a +0 robe (worn)
 c - a +0 cloak (worn)
 u - a +0 pair of gloves (worn)
Jewellery
 g - a ring of stealth (left hand)
 h - a cursed amulet of inaccuracy
Wands
 n - a wand of disintegration (7)
 p - a wand of paralysis (10)
 y - a wand of iceblast (13)
Scrolls
 f - 3 scrolls of amnesia {unknown}
 j - a scroll of enchant weapon {unknown}
 l - 5 scrolls of identify
 q - 2 scrolls of teleportation {unknown}
 t - a scroll of remove curse {unknown}
 x - a scroll of immolation {unknown}
Potions
 m - a potion of stabbing {unknown}
 o - a potion of lignification {unknown}
 r - a potion of cancellation
 s - a potion of magic {unknown}
 z - 2 potions of brilliance
 A - a potion of curing


   Skills:
 * Level 2.5 Fighting
 + Level 8.9 Short Blades
 - Level 2.0 Throwing
 - Level 1.1 Dodging
 - Level 7.0 Stealth


You had 7 spell levels left.
You didn't know any spells.
Your spell library contained the following spells:

 Spells                   Type           Power        Failure   Level
 Animate Skeleton         Necr           #.....       43%         1
 Apportation              Tloc           #.....       43%         1
 Corona                   Hex            #......      43%         1
 Summon Small Mammal      Summ           #...         43%         1


Dungeon Overview and Level Annotations

Branches:
Dungeon (6/15)              Sewer (visited)
 Temple: D:4-7

Altars:
Dithmenos
Gozag
Qazlal
Uskayaw
Vehumet

Annotations:
D:5 Dowan, Duvessa, Menkaure


Innate Abilities, Weirdness & Mutations

You are small and have problems with some larger weapons.
You are somewhat resistant to further mutation.


Message History

You hit Menkaure. You freeze Menkaure.
Menkaure is heavily damaged.
Menkaure hits you!!
* * * LOW HITPOINT WARNING * * *
You are too injured to fight recklessly!
You are too injured to fight recklessly!
You are too injured to fight recklessly!
It was a potion of cancellation.
You feel magically purged. Menkaure misses you.
You riposte.
You hit Menkaure. You freeze Menkaure.
Menkaure is almost destroyed.
It was a potion of brilliance.
You feel clever all of a sudden. Menkaure closely misses you.
It was a potion of degeneration.
There was something very wrong with that liquid.
You feel weakened.
You feel dopey.
You feel clumsy. Menkaure hits you!
* * * LOW HITPOINT WARNING * * *
Menkaure hits you!!
You die...

............#...
..#####.....#..# ..#
#.....#..# # #+#.##
#.#####..# ... #. .....
... #..# ....#.##.#.#
### #..# #..$..<.#.#####
#..# #......M.........
#..#
##.####@#.######.####..#
# ##'#...............
#.....## #........
#.....# #........
#..)..#####........
#.#.....#...........†
.........#.###........
###.....†.............
#.#.##.#.....#####'#


You could see Menkaure (fast).

Vanquished Creatures
  Purgy (Sewer)
  A sky beast (D:5)
  Blork the orc (D:4)
  A scorpion (D:3)
  A hound (D:4)
  5 orc priests
  2 orc wizards
  Terence (D:3)
  2 worker ants
  3 gnolls (D:4)
  7 adders
  An ufetubus (D:5)
  3 oozes
  An adder skeleton (D:5)
  4 worms
  2 dart slugs
  2 leopard geckos
  18 orcs
  2 ball pythons
  7 bats
  A giant cockroach (D:3)
  8 goblins
  7 hobgoblins
  7 jackals
  A quokka (D:5)
  7 frilled lizards
  A jackal skeleton (D:5)
  18 kobolds
  2 rats
  2 rat zombies (D:4)
119 creatures vanquished.

Notes
Turn   | Place    | Note
-------+----------+-------------------------------------------
     0 | D:1      | Drevant2 the Halfling Brigand began the quest for the Orb.
     0 | D:1      | Reached XP level 1. HP: 14/14 MP: 1/1
   138 | D:1      | Reached skill level 3 in Short Blades
   144 | D:1      | Reached XP level 2. HP: 18/19 MP: 2/2
   355 | D:1      | Reached XP level 3. HP: 11/24 MP: 3/3
   553 | D:1      | Reached skill level 4 in Short Blades
  1514 | D:2      | Found a stormy altar of Qazlal.
  1526 | D:2      | Found a shadowy altar of Dithmenos.
  1580 | D:2      | Reached XP level 4. HP: 25/29 MP: 4/4
  1844 | D:2      | Found a hide-covered altar of Uskayaw.
  1844 | D:2      | Noticed a +0 dagger
  1845 | D:2      | Noticed a +0 dagger
  1857 | D:2      | Reached skill level 5 in Short Blades
  1980 | D:2      | Found an opulent altar of Gozag.
  2247 | D:3      | Noticed Terence
  2428 | D:3      | Found a faded altar of an unknown god.
  2434 | D:3      | Reached XP level 5. HP: 30/34 MP: 5/5
  2534 | D:3      | Killed Terence
  2534 | D:3      | Reached skill level 6 in Short Blades
  3096 | D:4      | Noticed Blork the orc
  3235 | D:4      | Found a glowing drain.
  3251 | Sewer    | Entered a sewer
  3270 | Sewer    | Noticed Purgy
  3283 | Sewer    | Killed Purgy
  3283 | Sewer    | Reached skill level 7 in Short Blades
  3283 | Sewer    | Reached XP level 6. HP: 13/39 MP: 6/6
  3735 | D:4      | Reached skill level 8 in Short Blades
  3741 | D:4      | Got a crystal falchion
  3742 | D:4      | Identified the cursed +3 falchion of Yssext {freeze, Dex+4}
                  | (You found it on level 4 of the Dungeon)
  3812 | D:4      | Found a radiant altar of Vehumet.
  4000 | D:3      | Reached XP level 7. HP: 34/44 MP: 7/7
  4794 | D:3      | Reached skill level 5 in Stealth
  5333 | D:4      | Killed Blork the orc
  5590 | D:4      | Noticed a two-headed ogre
  5997 | D:5      | Entered Level 5 of the Dungeon
  5997 | D:5      | Noticed Menkaure
  6391 | D:5      | Noticed Duvessa
  6392 | D:5      | Noticed Dowan
  6449 | D:5      | Reached XP level 8. HP: 7/49 MP: 8/8
  7087 | D:5      | Demolished by Menkaure

Illustrated notes

Levels and vault maps discovered:
D:1:      minmay_arrival_semitransparent, layout_basic
D:2:      layout_rooms, grunt_qazlal_sundering,
          nicolae_gozag_cash_rules_everything_around_me,
          dancing_weapons_uskayaw, grunt_dithmenos_smoke
D:3:      layout_rooms, chequers_ecumenical_altar_island, grunt_ministairs_8,
          uniq_terence
D:4:      minmay_bubble_buster, layout_basic, vehumet_crystals,
          portal_sewer_entry_d, enter_ossuary_4, uniq_blork_the_orc
D:5:      layout_basic, minmay_temple_entry_sparse_star, uniq_menkaure,
          uniq_duvessa
D:6:      cheibrodos_two_vegetables, layout_basic, serial_shops, shop_statue

Skill      XL: |  1  2  3  4  5  6  7  8 |
---------------+-------------------------+-----
Short Blades   | 3 4 5 7 8 |  8.9
Stealth        | 7 |  7.0
Fighting       | 2 |  2.5
Throwing       | |  2.0
Dodging        | |  1.1

Action                   |  1- 3 |  4- 6 |  7- 9 || total
-------------------------+-------+-------+-------++-------
Melee: Dagger            |    51 |       |       ||    51
       Short sword       |    39 |   147 |       ||   186
       Falchion          |       |    21 |   124 ||   145
  Use: Scroll            |       |     1 |     2 ||     3
       Potion            |       |       |     3 ||     3
 Stab: Sleeping          |     7 |     8 |     3 ||    18
       Distracted        |       |     1 |       ||     1
Armor: Robe              |    17 |    20 |    19 ||    56
Dodge: Dodged            |    59 |   117 |    58 ||   234
       Rpst.: Falchion   |       |     9 |    21 ||    30

Table legend: (Time is in decaauts)
 A = Elapsed time spent in this place.
 B = Non-inter-level travel time spent in this place.
 C = Inter-level travel time spent in this place.
 D = Time resting spent in this place.
 E = Time spent auto-exploring this place.
 F = Levels seen in this place.
 G = Mean time per level.
                   A        B        C        D        E       F      G
               +--------+--------+--------+--------+--------+-----+--------+
         Total |   7078 |   6331 |    747 |   2822 |   2515 |   7 | 1011.1 |
       Dungeon |   6620 |   5873 |    747 |   2522 |   2425 |   6 | 1103.3 |
         Sewer |    457 |    457 |      0 |    300 |     90 |   1 |  457.0 |
               +--------+--------+--------+--------+--------+-----+--------+

Top non-repeatable levels by time:
     D:3: 2152 daAuts
     D:2: 1297 daAuts
     D:1: 1277 daAuts
     D:4: 1025 daAuts
     D:5: 866 daAuts
   Sewer: 457 daAuts
     D:6: 1 daAuts
